 Dungeon Crawl Stone Soup version 0.31-a0-40-g1d5085d191 (webtiles) character file.

Game seed: 285734891590524534

513 hwolsky the Gusty (level 7, 27/50 HPs) *EXPLORE*
             Began as a Red Draconian Air Elementalist on May 17, 2023.
             Quit the game on level 3 of the Dungeon.
             The game lasted 00:15:40 (3766 turns).

hwolsky the Gusty (Red Draconian Air Elementalist)  Turns: 3766, Time: 00:15:40

Health: 27/50      AC: 12    Str: 10    XL:     7   Next: 0%
Magic:  15/19      EV: 12    Int: 18    God:
Gold:   200        SH:  0    Dex: 11    Spells: 6/10 levels left

rFire   + . .        b - +1 whip
rCold   . . .        (no shield)
rNeg    . . .        (body armour unavailable)
rPois   .            (helmet restricted)
rElec   .            j - +0 cloak
rCorr   .            c - +1 pair of gloves
SInv    .            e - +2 pair of boots
Will    .....        h - amulet of the acrobat
Stlth   ++           a - ring of wizardry
HPRegen 0.28/turn    m - ring of magical power
MPRegen 0.16/turn

%: acrobat, wizardry (x1)
@: no status effects
A: breathe fire, AC +6, unfitting armour, fire resistance 1, cold-blooded
a: Breathe Fire


You were on level 3 of the Dungeon.
You visited 1 branch of the dungeon, and saw 6 of its levels.

You collected 200 gold pieces.

Inventory:

Hand Weapons
 b - a +1 whip (weapon)
Armour
 c - a +1 pair of gloves (worn)
 e - a +2 pair of boots (worn)
 j - a +0 cloak (worn)
Magical Staves
 d - a staff of air
Jewellery
 a - a ring of wizardry (left hand)
 h - an amulet of the acrobat (around neck)
 m - a ring of magical power (right hand)
Wands
 f - a wand of roots (9)
 i - a wand of flame (5)
Scrolls
 k - a scroll of poison
 t - a scroll of teleportation
Potions
 g - 4 potions of curing
 l - a potion of mutation {unknown}
 n - a potion of haste {unknown}


   Skills:
 - Level 1.7 Maces & Flails
 + Level 3.2 Dodging
 + Level 3.5 Stealth
 - Level 2.0 Spellcasting
 + Level 3.1 Conjurations
 * Level 5.3 Air Magic


You had 6 spell levels left.
You knew the following spells:

 Your Spells              Type           Power      Damage    Failure   Level
a - Shock                 Conj/Air       68%        1d7       1%          1
b - Swiftness             Air            21%        N/A       2%          3

Your spell library contained the following spells:

 Spells                   Type           Power      Damage    Failure   Level
 Static Discharge         Conj/Air       34%        2-4/arc   1%          2
 Sandblast                Erth           2%         2d4       8%          1
 Airstrike                Air            10%        2d(2-18)  9%          4
 Passwall                 Tmut/Erth      0%         N/A       11%         2
 Dazzling Flash           Conj/Hex       14%        N/A       12%         3
 Stone Arrow              Conj/Erth      14%        3d7       12%         3
 Volatile Blastmotes      Fire/Tloc      2%         2d10      21%         3
 Iskenderun's Mystic Bla  Conj/Tloc      7%         2d4       34%         4
 Starburst                Conj/Fire      3%         6d3       99%         6


Dungeon Overview and Level Annotations

Branches:
Dungeon (6/15) Zot: 26085
 Temple: D:4-7

Altars:
Ashenzari
Okawaru

Shops:
D:1 *   D:4 (   D:5 ?


Innate Abilities, Weirdness & Mutations

You can breathe blasts of fire.
Your fiery red scales are hard. (AC +6)
You cannot fit into any form of body armour.
Your flesh is heat resistant. (rF+)
You are cold-blooded and may be slowed by cold attacks.


Message History

Aiming: Shock (safe; 1% risk of failure)
Press: ? - help, Shift-Dir - straight line The zap hits the ball python.
The ball python is severely wounded.
The jackal bites you but does no damage.
A jackal comes into view.
The ball python bites you but does no damage.
The ball python constricts you. The jackal bites you.
The orc priest hits you with a +0 hand axe.
The orc priest hits you but does no damage.
The orc hits you but does no damage.
The jackal moves out of view.
The zap hits the ball python.
You kill the ball python!
You feel a bit more experienced. The jackal barely misses you.
The orc completely misses you.
The orc priest mumbles some strange prayers to Beogh against you.
Beogh smites you!
* * * LOW HITPOINT WARNING * * *
The orc priest mumbles some strange prayers to Beogh against you.
Beogh smites you!
* * * LOW HITPOINT WARNING * * *
Unknown command.
You closely miss the orc. The jackal bites you.
* * * LOW HITPOINT WARNING * * *
The jackal bites you but does no damage.
The orc barely misses you.
The orc priest mumbles some strange prayers to Beogh against you.
Beogh smites you!
Die? [Y]es or [N]o only, please.
Die?
Thought so.
The orc priest mumbles some strange prayers to Beogh against you.
Pain shoots through your body!
You hit the orc.
You kill the orc!
The jackal bites you but does no damage.
The orc priest misses you. The orc priest closely misses you.
The orc priest attacks as you move away!
The orc priest hits you but does no damage.
The orc priest attacks as you move away!
The orc priest hits you with a +0 trident.
Found a rat corpse.
The jackal bites you but does no damage.
The orc priest mumbles some strange prayers to Beogh against you.
You barely resist. The orc priest closely misses you.
Things that are here:
a +0 whip; an orc corpse Unknown command.
Found a leather armour.
The jackal completely misses you.
Unknown command.
The jackal attacks as you move away! The jackal completely misses you.
The orc priest looks braver for a moment.
Unknown command.
You hit the jackal but do no damage.
The jackal bites you but does no damage.
A jackal comes into view.
The jackal bites you but does no damage.
The orc priest mumbles some strange prayers to Beogh against you.
Beogh smites you!
You closely miss the jackal. The jackal completely misses you.
The orc priest hits you but does no damage.
Unknown command.
You completely miss the jackal.
The jackal barks!
You tail-slap the jackal.
The jackal is heavily wounded.
You hear a bark!
The jackal bites you. The orc priest closely misses you.
Unknown command.
Casting: Shock (safe; 1% risk of failure)
Confirm with . or Enter, or press ? or * to list all spells.
Aiming: Shock (safe; 1% risk of failure)
Press: ? - help, Shift-Dir - straight line The zap hits the jackal.
The jackal is almost dead.
The zap hits the orc priest.
The orc priest is moderately wounded.
The zap hits the jackal but does no damage.
The jackal barely misses you. The jackal closely misses you.
The orc priest misses you.
Unknown command.
Casting: Shock (safe; 1% risk of failure)
Confirm with . or Enter, or press ? or * to list all spells.
Aiming: Shock (safe; 1% risk of failure)
Press: ? - help, Shift-Dir - straight line The zap hits the jackal!
You kill the jackal!
The zap hits the orc priest.
The orc priest is severely wounded.
The zap misses the jackal.
The orc priest invokes the aid of Beogh against you.
You barely resist. The orc priest misses you.
You have reached level 7!
Your scales start taking on a fiery red colour.
You learn Fire Magic much quicker.
You learn Ice Magic much slower.
You can breathe blasts of fire.
You feel resistant to heat.
Unknown command.
Are you sure you want to abandon this character and quit the game? (Confirm with "yes".)

...# .# ... .#
# #.# ..#
#.#.##..###.
#.#.........
#..>)#.†####
..##..hoo......
........#######
...####.@....#
.. #.####[... .
#.# ## #.# #.#
#. .. #.


You could see 2 orc priests and a jackal.

Vanquished Creatures
  Edmund (D:4)
  An ogre (D:5)
  A scorpion (D:5)
  A hound (D:4)
  A jelly (D:5)
  Ijyb (D:3)
  2 orc wizards (D:5)
  5 adders
  A dart slug (D:2)
  2 worms (D:2)
  8 orcs
  4 ball pythons
  3 bats (D:1)
  5 endoplasms
  2 giant cockroaches
  5 goblins
  9 hobgoblins
  4 jackals
  9 kobolds
  2 quokkas (D:1)
  4 frilled lizards
  3 rats
74 creatures vanquished.

Notes
Turn   | Place    | Note
-------+----------+-------------------------------------------
     0 | D:1      | hwolsky the Draconian Air Elementalist began the quest for
                  | the Orb.
     0 | D:1      | Reached XP level 1. HP: 14/14 MP: 3/3
   304 | D:1      | Reached XP level 2. HP: 20/20 MP: 5/5
   482 | D:1      | Found a faded altar of an unknown god.
   821 | D:1      | Found Qilusos's Assorted Antiques.
  1322 | D:2      | Reached XP level 3. HP: 26/26 MP: 1/6
  2331 | D:3      | Reached XP level 4. HP: 15/33 MP: 7/7
  2432 | D:3      | Noticed Ijyb
  2438 | D:3      | Learned a level 3 spell: Swiftness
  2460 | D:3      | Entered explore mode.
  2470 | D:3      | Slain by Ijyb
                  | ... wielding a +0 club
                  | (3 damage)
  2481 | D:3      | Killed Ijyb
  2482 | D:3      | Reached skill level 4 in Air Magic
  2519 | D:3      | You fall into a shaft and drop 3 floors!
  2539 | D:6      | Noticed a scorpion
  2593 | D:6      | HP: 1/33 [scorpion (6)]
  2596 | D:6      | Slain by a howler monkey (6 damage)
  2608 | D:6      | Noticed a bullfrog
  2616 | D:5      | Entered Level 5 of the Dungeon
  2617 | D:5      | HP: 1/33 [scorpion (3)]
  2618 | D:5      | Succumbed to a scorpion's poison
  2629 | D:5      | Killed a scorpion
  2630 | D:5      | Reached skill level 1 in Maces & Flails
  2630 | D:5      | Reached XP level 5. HP: 5/38 MP: 8/8
  2642 | D:5      | Noticed an ogre
  2685 | D:5      | Mangled by an ogre
                  | ... wielding a +0 giant spiked club
                  | (14 damage)
  2689 | D:5      | Slain by an ogre
                  | ... wielding a +0 giant spiked club
                  | (19 damage)
  2693 | D:5      | Demolished by an ogre
                  | ... wielding a +0 giant spiked club
                  | (19 damage)
  2708 | D:5      | Slain by an ogre
                  | ... wielding a +0 giant spiked club
                  | (21 damage)
  2710 | D:5      | Killed an ogre
  2711 | D:5      | Reached XP level 6. HP: 45/45 MP: 4/9
  2756 | D:5      | Found The Oracle's Delphic Readings.
  2854 | D:4      | Found an iron altar of Okawaru.
  2867 | D:4      | Noticed Edmund
  2874 | D:4      | Found a broken altar of Ashenzari.
  2983 | D:4      | HP: 2/45 [Edmund/+1 heavy flail (10)]
  2990 | D:4      | Killed Edmund
  2991 | D:4      | Reached skill level 5 in Air Magic
  3037 | D:4      | HP: 2/45 [orc/+0 war axe (4)]
  3047 | D:4      | HP: 2/45 [jackal (2)]
  3436 | D:4      | Found Aquer's Weapon Emporium.
  3756 | D:3      | HP: 2/45 [jackal (2)]
  3756 | D:3      | Killed by divine providence
                  | ... invoked by an orc priest
                  | (17 damage)
  3766 | D:3      | Your scales start taking on a fiery red colour.
  3766 | D:3      | Reached XP level 7. HP: 27/50 MP: 10/10
  3766 | D:3      | Gained mutation: Your flesh is heat resistant. (rF+) [Red
                  | Draconian growth]
  3766 | D:3      | Quit the game

Illustrated notes

Levels and vault maps discovered:
D:1:      arrival_zaba_pyramid, layout_loops_ring, serial_shops, shop_statue,
          chequers_ecumenical_altar_twisty
D:2:      layout_basic, serial_forest, infiniplex_forest_clump_small,
          infiniplex_forest_clump_double, infiniplex_forest_clump_small,
          infiniplex_forest_straight_5, infiniplex_forest_straight_4,
          infiniplex_forest_zigzag_1, infiniplex_forest_clump_tiny,
          infiniplex_forest_clump_tiny, infiniplex_forest_zigzag_1,
          minmay_distorted
D:3:      layout_loops_ring, uniq_ijyb, uniq_robin
D:4:      layout_rooms, evilmike_ruin_ashenzari, okawaru_metal_pillars_1_2,
          serial_shops, nicolae_shop_crystal, kennysheep_nub,
          minmay_misc_feat_tower, uniq_edmund
D:5:      layout_rooms, nicolae_nh_oracle_at_delphi
D:6:      layout_loops_ring, minmay_temple_entry_trees,
          kennysheep_generic_room_14, uniq_crazy_yiuf_cottage,
          uniq_prince_ribbit1

Skill      XL: |  1  2  3  4  5  6 |
---------------+-------------------+-----
Stealth        | 2 3 |  3.5
Dodging        | 2 3 |  3.2
Conjurations   | 2 3 |  3.1
Air Magic      | 4 5 |  5.3
Maces & Flails | 1 |  1.7
Spellcasting   | |  2.0

Action                     |  1- 3 |  4- 6 |  7- 9 || total
---------------------------+-------+-------+-------++-------
  Melee: Unarmed           |    27 |       |       ||    27
         Whip              |   100 |   136 |       ||   236
         Tailslap          |    16 |    21 |       ||    37
         Punch             |       |     1 |       ||     1
   Cast: Shock             |    46 |    50 |       ||    96
         Swiftness         |       |     2 |       ||     2
    Use: Scroll            |     6 |     3 |       ||     9
         Potion            |     1 |     2 |       ||     3
   Stab: Sleeping          |     1 |       |       ||     1
 Armour: Skin              |    42 |    95 |       ||   137
  Dodge: Dodged            |    74 |   162 |       ||   236

Table legend: (Time is in decaauts)
 A = Elapsed time spent in this place.
 B = Non-inter-level travel time spent in this place.
 C = Inter-level travel time spent in this place.
 D = Time resting spent in this place.
 E = Time spent auto-exploring this place.
 F = Levels seen in this place.
 G = Mean time per level.
                   A        B        C        D        E       F      G
               +--------+--------+--------+--------+--------+-----+--------+
         Total |   3775 |   3633 |    142 |      0 |   2663 |   6 |  629.2 |
       Dungeon |   3775 |   3633 |    142 |      0 |   2663 |   6 |  629.2 |
               +--------+--------+--------+--------+--------+-----+--------+

Top non-repeatable levels by time:
     D:2: 1197 daAuts
     D:1: 1119 daAuts
     D:4: 896 daAuts
     D:5: 234 daAuts
     D:3: 230 daAuts
     D:6: 96 daAuts
